Map: Port Aleksander LE

Players

NoxDNoSkill - Winner!

  • Race: Terran Terran
  • League: Grandmaster
  • Spawn Location: 5:00

Lambo

  • Race: Zerg Zerg
  • Spawn Location: 11:00

VOD

Have the link to the VOD?

Description

Time

  • Played on: March 27, 2019, 10:09 a.m.
  • Length: 5:42
Show
View Real Time Build Order
Export as new Build Order

NoxDNoSkill Terran - Winner!

Build Orders: Reaper Expand, Hellion Banshee 

Get SALT Encoding   

  12  0:01  SCV  
  13  0:13  SCV  
  14  0:18  Supply Depot  
  14  0:25  SCV  
  15  0:39  SCV  
  15  0:41  Barracks  
  16  0:44  Refinery  
  16  0:51  SCV  
  17  1:04  SCV  
  18  1:16  SCV  
  19  1:28  Orbital Command, Reaper  
  20  1:43  Command Center  
  20  1:54  SCV  
  21  1:55  Supply Depot  
  21  1:59  Marine  
  22  2:06  SCV  
  23  2:09  Factory  
  23  2:15  Refinery  
  23  2:19  SCV  
  23  2:21  Barracks Reactor  
  24  2:31  SCV  
  25  2:43  SCV  
  26  2:54  Starport  
  26  2:55  SCV  
  26  2:57  Orbital Command  
  27  3:05  Hellion x2, Barracks Tech Lab  
  31  3:07  SCV  
  32  3:19  SCV  
  33  3:23  SCV  
  34  3:28  Hellion  
  34  3:29  Hellion  
  34  3:31  SCV  
  34  3:32  Supply Depot  
  39  3:35  SCV  
  40  3:43  SCV  
  40  3:44  Cloaking Field, Banshee  
  44  3:52  Hellion  
  44  3:54  Hellion, SCV  
  49  3:57  SCV, Supply Depot  
  50  4:02  Armory  
  50  4:07  SCV  
  51  4:14  Hellion  
  51  4:15  Hellion  
  54  4:18  SCV  
  54  4:19  SCV  
  54  4:20  Supply Depot  
  56  4:27  Banshee  
  56  4:30  SCV  
  60  4:31  SCV  
  61  4:42  Hellion x2  
  65  4:47  Command Center  
  65  4:48  SCV  
  65  4:49  SCV  
  65  4:52  Barracks Tech Lab  
  67  5:00  SCV  
  67  5:01  SCV  
  69  5:08  Engineering Bay x2  
  69  5:13  SCV  
  70  5:24  SCV, Marine  
  70  5:30  Barracks x2  
  70  5:31  Barracks  
  70  5:32  Barracks  
Show
View Real Time Build Order
Export as new Build Order

Lambo Zerg 

Build Orders: Hatch First 

Get SALT Encoding   

  12  0:00  Drone  
  13  0:13  Overlord  
  13  0:17  Drone  
  14  0:31  Drone x2  
  16  0:49  Hatchery  
  15  0:53  Drone  
  15  0:56  Drone  
  17  0:59  Drone  
  18  1:10  Extractor  
  17  1:14  Spawning Pool  
  17  1:18  Drone  
  17  1:22  Drone  
  18  1:30  Drone  
  19  1:41  Drone  
  20  1:52  Drone  
  21  2:01  Queen x2  
  21  2:02  Zergling x4  
  27  2:18  Hatchery  
  27  2:22  Overlord  
  26  2:28  Drone x2  
  28  2:41  Spore Crawler  
  27  2:45  Drone  
  27  2:49  Metabolic Boost  
  29  2:57  Queen  
  31  2:59  Overlord, Drone x2  
  31  3:00  Drone  
  31  3:04  Overlord  
  34  3:07  Drone  
  34  3:11  Drone  
  36  3:28  Drone x4  
  36  3:32  Drone x2  
  36  3:33  Spore Crawler  
  41  3:38  Drone x2  
  44  3:43  Queen  
  44  3:46  Drone  
  44  3:47  Drone x3  
  50  3:53  Zergling x6  
  50  3:54  Zergling x2  
  54  3:58  Queen  
  56  4:08  Zergling x4  
  58  4:16  Baneling Nest  
  58  4:17  Overlord, Drone  
  58  4:19  Spore Crawler  
  58  4:20  Queen, Spore Crawler x2  
  57  4:27  Drone  
  58  4:38  Drone x8  
  58  4:40  Overlord  
  58  4:42  Lair  
  65  4:49  Extractor  
  65  4:50  Extractor  
  63  4:54  Drone  
  63  4:55  Drone  
  63  4:59  Drone x2  
  67  5:00  Baneling x3  
  67  5:01  Drone  
  67  5:02  Drone x3  
  67  5:04  Baneling x2  
  71  5:09  Spore Crawler  
  70  5:16  Zergling x10  
  65  5:24  Zergling x16  
Tags
 
Add a new tag
Caveats
  • Supply blocks, unpowered buildings, or Contaminate may cause inaccurate times.
  • Supply counts are checked every 10 seconds.